 Dungeon Crawl Stone Soup version 0.23-a0-169-gb21e695 (webtiles) character file.

9614 Fighter the Cleaver (level 11, -5/81 HPs)
             Began as a Demonspawn Fighter on Sept 11, 2018.
             Was a High Priest of Okawaru (penitent).
             Shot with a bolt by a naga sharpshooter (16 damage)
             ... created by the fury of Okawaru
             ... on level 11 of the Dungeon.
             The game lasted 00:11:27 (7866 turns).

Fighter the Cleaver (Demonspawn Fighter)            Turns: 7866, Time: 00:11:28

Health: -5/81      AC: 29    Str: 18    XL:     11   Next: 25%
Magic:  16/16      EV:  9    Int:  9    God:    Okawaru [*]
Gold:   521        SH: 12    Dex: 23    Spells: 10/10 levels left

rFire    + . .     SeeInvis .   N - +0 broad axe (chop)
rCold    + . .     Gourm    +   c - +1 shield
rNeg     + . .     Faith    .   M - +8 chain mail of the Exiled Wishes {rPois Str-5 Dex+3 Slay+2 Stlth+}
rPois    +         Spirit   .   (helmet restricted)
rElec    +         Reflect  .   J - +1 cloak
rCorr    +         Harm     .   C - +0 pair of gloves
MR       .....                  E - +1 pair of boots of Awe {rElec rN+}
Stlth    ++........             t - amulet of the gourmand
HPRegen  0.23/turn              g - +2 ring of slaying
MPRegen  0.15/turn              F - +6 ring of protection

@: mighty, agile, silence (expiring), resistant, very slightly contaminated,
constricted, invisible
A: antennae 2, claws 1, hooves 1, demonic guardian 1, foul stench 1, rot
immunity
a: Renounce Religion


You were on level 11 of the Dungeon.
You worshipped Okawaru.
Okawaru was demanding penance.
You were completely stuffed.

You visited 1 branch of the dungeon, and saw 11 of its levels.

You collected 542 gold pieces.
You spent 21 gold pieces at shops.

Inventory:

Hand Weapons
 a - a +1 war axe
 N - a +0 broad axe of chopping (weapon)
Missiles
 O - 4 throwing nets (quivered)
Armour
 b - a +0 scale mail
 c - a +1 shield (worn)
 C - a +0 pair of gloves (worn)
 E - the +1 pair of boots of Awe (worn) {rElec rN+}
   (Okawaru gifted it to you on level 8 of the Dungeon)

   It insulates you from electricity.
   It protects you from negative energy.
 J - a +1 cloak (worn)
 M - the +8 chain mail of the Exiled Wishes (worn) {rPois Str-5 Dex+3 Slay+2 Stlth+}
   (You found it on level 10 of the Dungeon)

   It affects your strength (-5).
   It affects your dexterity (+3).
   It affects your accuracy and damage with ranged weapons and melee attacks
   (+2).
   It protects you from poison.
   It makes you more stealthy.
Jewellery
 g - a +2 ring of slaying (left hand)
 j - an uncursed ring of flight
 t - an amulet of the gourmand (around neck)
 y - an uncursed ring of wizardry
 F - a +6 ring of protection (right hand)
 H - a +3 ring of dexterity
Wands
 A - a wand of iceblast (12)
 I - a wand of flame (26)
Scrolls
 k - 2 scrolls of immolation
 o - 5 scrolls of remove curse
 q - a scroll of magic mapping {unknown}
 r - 2 scrolls of fear {unknown}
 s - a scroll of noise {unknown}
 u - a scroll of blinking {unknown}
 v - a scroll of random uselessness {unknown}
 z - a scroll of fog
 B - 4 scrolls of enchant weapon
 D - 3 scrolls of teleportation {unknown}
 G - 3 scrolls of amnesia
 L - 2 scrolls of identify
 R - a scroll of holy word {unknown}
Potions
 e - 3 potions of curing
 i - 4 potions of lignification
 m - 2 potions of agility
 n - a potion of resistance
 p - 2 potions of mutation
 w - a potion of invisibility
 x - a potion of berserk rage
 K - a potion of flight {unknown}
 Q - a potion of cancellation {unknown}
Comestibles
 f - 22 rations
 P - 14 chunks of flesh


   Skills:
 * Level 5.7 Fighting
 * Level 11.3 Axes
 * Level 5.1 Armour
 + Level 2.4 Dodging
 * Level 6.1 Stealth
 + Level 5.5 Shields
 * Level 7.7 Invocations
 + Level 0.6 Evocations


You had 10 spell levels left.
You didn't know any spells.
Your spell library was empty.

Dungeon Overview and Level Annotations

Branches:
Dungeon (11/15)            Temple (0/1) D:6            Lair (0/6) D:10
    Orc (0/2) D:10

Altars:
Cheibriados
Fedhas
Hepliaklqana
Kikubaaqudgha
Okawaru
Ru
Uskayaw
Wu Jian
Yredelemnul
The Shining One
Beogh

Shops:
D:6 :*   D:9 *   D:10 %


Innate Abilities, Weirdness & Mutations

You have a pair of antennae on your head.
You have sharp fingernails.
You have large cloven feet.
A weak demonic guardian rushes to your aid.
You may emit foul miasma when damaged in melee.
You are immune to rotting.


Message History

Unknown command.
You feel agile all of a sudden.
You feel yourself speed up. You block the naga's attack.
The salamander barely misses you.
The naga sharpshooter shoots a bolt.
You block the bolt.
The bolt disappears in a puff of smoke!
The orc warrior closely misses you. You block the orc's attack.
The naga warrior is engulfed in dark miasma.
The naga warrior hits you with a scimitar.
* * * LOW HITPOINT WARNING * * *
The naga warrior constricts you. The orc knight barely misses you.
Unknown command.
You feel protected. The naga spits poison at you.
The splash of poison hits you! You resist.
* * * LOW HITPOINT WARNING * * *
You block the salamander's attack. The orc barely misses you.
The naga sharpshooter gestures wildly while chanting.
The naga sharpshooter magically shoots a bolt.
The bolt hits you!
You die...

#[..# ##
############...#####.####
.....>.............).....
.................†.<.....
.................)†).....
........................!
....).o.N.........^......
......NoNN..(............
.....ooo@N(...>..........
############...##########
#...# #...# #...# #...#
#...# #...#


You could see a naga warrior, a naga sharpshooter, an orc knight, a salamander,
2 orc warriors, 2 nagas and 2 orcs.

Vanquished Creatures
  Harold (D:10)
  A centaur warrior (D:11)
  2 two-headed ogres (D:9)
  An unseen horror (D:10)
  Pikel (D:8)
  Psyche (D:9)
  2 trolls (D:10)
  4 hogs
  4 yaks (D:11)
  A wyvern (D:8)
  A steam dragon (D:10)
  A human (D:7)
  Edmund (D:4)
  A black bear (D:5)
  2 phantoms
  An orc warrior (D:11)
  3 ice beasts
  2 sky beasts (D:10)
  2 necrophages (D:8)
  4 ogres
  2 centaurs
  A big kobold (D:9)
  3 bullfrogs
  Dowan (D:7)
  2 water moccasin skeletons
  12 wights
  3 crimson imps
  A bullfrog zombie (D:7)
  A quasit (D:6)
  8 orc priests
  4 hounds
  A jelly (D:6)
  2 bullfrog skeletons
  2 iguanas (D:5)
  9 worker ants
  16 orc wizards
  A killer bee zombie (D:8)
  2 mummies (D:8)
  2 worker ant zombies
  3 gnolls (D:7)
  11 adders
  3 worms
  3 adder skeletons
  4 leopard geckos
  39 orcs
  2 giant cockroaches (D:2)
  8 goblins
  6 hobgoblins
  9 jackals
  4 quokkas
  6 bats
  4 frilled lizards
  A jackal skeleton (D:7)
  10 kobolds
  A leopard gecko skeleton (D:4)
  A quokka zombie (D:5)
  4 rats
228 creatures vanquished.

Vanquished Creatures (collateral kills)
  Maurice (D:8)
  Duvessa (D:7)
  2 ice beasts (D:6)
  A slave (D:8)
  An ogre (D:4)
  2 wights (D:6)
  A crimson imp (D:5)
  An orc wizard (D:6)
  A shadow imp (D:6)
  3 orcs
  A bat (D:2)
  A goblin (D:3)
  A quokka (D:7)
  2 kobolds (D:2)
19 creatures vanquished.

Vanquished Creatures (others)
  An orc warrior (D:11)
  A necrophage (D:8)
2 creatures vanquished.

Grand Total: 249 creatures vanquished

Notes
Turn   | Place    | Note
-------+----------+-------------------------------------------
     0 | D:1      | Fighter the Demonspawn Fighter began the quest for the Orb.
     0 | D:1      | Reached XP level 1. HP: 18/18 MP: 1/1
    55 | D:1      | Gained mutation: A weak demonic guardian rushes to your
                  | aid. [demonic ancestry]
    55 | D:1      | Reached XP level 2. HP: 11/24 MP: 2/2
    60 | D:1      | Reached skill level 2 in Axes
   540 | D:2      | Found a blossoming altar of Fedhas.
   552 | D:2      | Found a glowing golden altar of the Shining One.
   577 | D:2      | Found a hide-covered altar of Uskayaw.
   577 | D:2      | Found an iron altar of Okawaru.
   578 | D:2      | Found an ancient bone altar of Kikubaaqudgha.
   590 | D:2      | Found an ornate altar of the Wu Jian Council.
   594 | D:2      | Became a worshipper of Warmaster Okawaru
   650 | D:2      | Gained mutation: You are immune to rotting. [demonic
                  | ancestry]
   650 | D:2      | Reached XP level 3. HP: 21/29 MP: 3/3
  1177 | D:2      | Reached skill level 3 in Axes
  1177 | D:2      | Reached XP level 4. HP: 35/35 MP: 4/4
  1527 | D:3      | Reached skill level 1 in Invocations
  1793 | D:4      | Reached skill level 1 in Stealth
  1858 | D:4      | Noticed an ogre
  1865 | D:4      | Killed an ogre
  1865 | D:4      | Gained mutation: You have a pair of small antennae on your
                  | head. [demonic ancestry]
  1865 | D:4      | Reached XP level 5. HP: 41/41 MP: 6/6
  1877 | D:4      | Noticed Edmund
  1889 | D:4      | Killed Edmund
  1889 | D:4      | Reached * piety under Okawaru
  1889 | D:4      | Reached skill level 4 in Axes
  1889 | D:4      | Reached XP level 6. HP: 26/47 MP: 6/8
  2328 | D:5      | Entered Level 5 of the Dungeon
  2471 | D:5      | Reached ** piety under Okawaru
  2563 | D:5      | Reached skill level 5 in Axes
  2563 | D:5      | Gained mutation: You have large cloven feet. [demonic
                  | ancestry]
  2563 | D:5      | Reached XP level 7. HP: 52/52 MP: 9/9
  2710 | D:5      | Found a hazy altar of Hepliaklqana.
  2806 | D:6      | Found a staircase to the Ecumenical Temple.
  2878 | D:6      | Reached *** piety under Okawaru
  2879 | D:6      | Reached skill level 6 in Axes
  2930 | D:6      | Reached skill level 1 in Dodging
  2930 | D:6      | Gained mutation: You have sharp fingernails. [demonic
                  | ancestry]
  2930 | D:6      | Reached XP level 8. HP: 34/60 MP: 11/11
  3089 | D:6      | Found Zackemog's General Store.
  3443 | D:6      | Found Eraaxez's Book Boutique.
  3680 | D:7      | Found a basalt altar of Yredelemnul.
  3686 | D:7      | Reached skill level 7 in Axes
  3806 | D:7      | Reached **** piety under Okawaru
  3806 | D:7      | Reached skill level 5 in Invocations
  3814 | D:7      | HP: 1/60 [hog (9)]
  3824 | D:6      | Reached XP level 9. HP: 11/65 MP: 12/12
  4325 | D:7      | Noticed Duvessa
  4326 | D:7      | Noticed Dowan
  4331 | D:7      | Killed Duvessa
  4331 | D:7      | Reached skill level 8 in Axes
  4336 | D:7      | Killed Dowan
  4806 | D:8      | Noticed Maurice
  4820 | D:8      | Killed Maurice
  4848 | D:8      | Reached ***** piety under Okawaru
  4848 | D:8      | Reached skill level 9 in Axes
  5040 | D:8      | Noticed Pikel
  5054 | D:8      | Killed Pikel
  5054 | D:8      | Gained mutation: You may emit foul miasma when damaged in
                  | melee. [demonic ancestry]
  5054 | D:8      | Reached XP level 10. HP: 65/73 MP: 14/14
  5125 | D:8      | Received a gift from Okawaru
  5128 | D:8      | Got a pair of polished boots {god gift}
  5134 | D:8      | Identified the +1 pair of boots of Awe {rElec rN+} (Okawaru
                  | gifted it to you on level 8 of the Dungeon)
  5146 | D:8      | Reached skill level 5 in Stealth
  5576 | D:9      | Noticed a two-headed ogre
  5587 | D:9      | Killed a two-headed ogre
  5587 | D:9      | Reached skill level 10 in Axes
  5587 | D:9      | Reached skill level 5 in Shields
  5830 | D:9      | Noticed a two-headed ogre
  5848 | D:9      | Killed a two-headed ogre
  5848 | D:9      | Reached skill level 5 in Fighting
  6086 | D:9      | Found Fudyaki's Assorted Antiques.
  6091 | D:9      | Bought a scroll labeled IQEZOS UKHU for 21 gold pieces
  6268 | D:9      | Noticed Psyche
  6285 | D:9      | Killed Psyche
  6304 | D:9      | Found a snail-covered altar of Cheibriados.
  6602 | D:9      | Found a sacrificial altar of Ru.
  6686 | D:10     | Entered Level 10 of the Dungeon
  6768 | D:10     | Killed an unseen horror
  6983 | D:10     | Reached skill level 11 in Axes
  7117 | D:10     | Got a brightly glowing chain mail
  7128 | D:10     | Identified the +8 chain mail of the Exiled Wishes {rPois
                  | Str-5 Dex+3 Slay+2 Stlth+} (You found it on level 10 of the
                  | Dungeon)
  7236 | D:10     | Gained mutation: You have a pair of antennae on your head.
                  | [demonic ancestry]
  7236 | D:10     | Reached XP level 11. HP: 60/80 MP: 16/16
  7362 | D:10     | Found a staircase to the Orcish Mines.
  7474 | D:10     | Found Rewaomum's Food Shop.
  7477 | D:10     | Noticed Harold
  7500 | D:10     | Killed Harold
  7500 | D:10     | Received a gift from Okawaru
  7500 | D:10     | Reached skill level 5 in Armour
  7571 | D:10     | Found a staircase to the Lair.
  7690 | D:10     | Found a roughly hewn altar of Beogh.
  7763 | D:11     | Was placed under penance by Okawaru
  7854 | D:11     | Noticed a centaur warrior
  7854 | D:11     | Noticed an orc knight
  7854 | D:11     | Noticed a naga warrior
  7854 | D:11     | Noticed a naga sharpshooter
  7860 | D:11     | Killed a centaur warrior
  7866 | D:11     | Shot with a bolt by a naga sharpshooter

Vault maps used:
D:1:      saegor_arrival_simple_e
D:2:      overflow_temple_1_default, lemuel_crystal_altar,
          nicolae_overflow_quartered_altars, corexii_leaking_fountain,
          minmay_tall_x
D:3:      first_ration, minmay_strange_pillars
D:4:      minmay_item_behind_shaft, uniq_edmund
D:5:      cheibrodos_quashed, marbit_many_paths
D:6:      minmay_temple_entry_overgrown, serial_shops, shop, shop_statue
D:7:      yredelemnul_altar_generic, grunt_livestock, uniq_duvessa
D:8:      serial_undead, serial_undead_d, serial_undead_f, serial_undead_c,
          serial_undead_f, serial_undead_d, uniq_maurice, uniq_pikel
D:9:      cheibrodos_worm_habitat, nicolae_ru_sacrificial_ziggurat,
          serial_shops, kennysheep_little_box, uniq_joseph, uniq_psyche
D:10:     lair_entry_dummy, minmay_orc_entry_temple_small, serial_shops,
          nicolae_shop_statue_plus, eino_small_chamber_without_monster,
          uniq_harold

Skill      XL: |  1  2  3  4  5  6  7  8  9 10 11 |
---------------+----------------------------------+-----
Axes           | 2 3 4 5 6 7 9 11 | 11.3
Shields        | 3 4 5 |  5.5
Invocations    | 1 2 3 4 5 6 7 |  7.7
Stealth        | 1 2 4 5 6 |  6.1
Armour         | 3 4 5 |  5.1
Dodging        | 1 2 |  2.4
Fighting       | 4 5 |  5.7
Evocations     | |  0.6

Action                   |  1- 3 |  4- 6 |  7- 9 | 10-12 || total
-------------------------+-------+-------+-------+-------++-------
Melee: War axe           |   107 |    93 |   253 |   275 ||   728
       Kick              |       |       |    81 |     1 ||    82
       Broad axe         |       |       |       |    46 ||    46
Evoke: Wand              |       |       |       |     7 ||     7
  Use: Scroll            |     5 |     1 |     8 |     3 ||    17
       Potion            |       |       |     1 |     6 ||     7
 Stab: Distracted        |       |     2 |     5 |     4 ||    11
       Sleeping          |       |       |       |     1 ||     1
       Invisible         |       |       |       |     3 ||     3
  Eat: Chunk             |     1 |     5 |     8 |    22 ||    36
Armor: Scale mail        |    68 |    30 |   142 |    65 ||   305
       Ring mail         |       |     1 |       |       ||     1
       Chain mail        |       |       |       |   106 ||   106
Dodge: Dodged            |    33 |    19 |    91 |    72 ||   215
Block: Shield            |    70 |    52 |   151 |   182 ||   455

Table legend:
 A = Non-vault XP
 B = Vault XP
 C = Vault XP percentage of total XP
 D = Non-vault monster count
 E = Vault monster count
 F = Vault count percentage of total count
                 A         B        C        D         E       F
            +---------+---------+-------+---------+---------+-------
      Total |    9421 |    4314 |  31.4 |     213 |      32 |  13.1
            +---------+---------+-------+---------+---------+-------
        D:1 |      26 |       0 |   0.0 |      17 |       0 |   0.0
        D:2 |      71 |       9 |  11.2 |      23 |       4 |  14.8
        D:3 |      49 |       0 |   0.0 |       9 |       0 |   0.0
        D:4 |      89 |     141 |  61.3 |       5 |       1 |  16.7
        D:5 |     589 |      50 |   7.8 |      20 |       1 |   4.8
        D:6 |    1031 |     127 |  11.0 |      30 |       1 |   3.2
        D:7 |     380 |     961 |  71.7 |      20 |       6 |  23.1
        D:8 |     970 |    1481 |  60.4 |      19 |       9 |  32.1
        D:9 |    2757 |     439 |  13.7 |      31 |       2 |   6.1
       D:10 |    2338 |    1106 |  32.1 |      23 |       8 |  25.8
       D:11 |    1121 |       0 |   0.0 |      16 |       0 |   0.0
            +---------+---------+-------+---------+---------+-------
